 Dungeon Crawl Stone Soup version 0.27-a0-1060-gcb85b5eba1 (webtiles) character file.

Game seed: 9600388915676348869

6590 jestyr24 the Thaumaturge (level 10, -9/53 HPs)
             Began as a Deep Elf Conjurer on Apr 20, 2021.
             Was a High Priest of Fedhas.
             Mangled by a boulder beetle (48 damage)
             ... on level 9 of the Dungeon on Apr 22, 2021.
             The game lasted 01:10:05 (9620 turns).

jestyr24 the Thaumaturge (Deep Elf Conjurer)        Turns: 9620, Time: 01:10:06

Health: -9/53      AC:  6    Str:  4    XL:     10   Next: 71%
Magic:  24/27      EV: 17    Int: 27    God:    Fedhas [*****.]
Gold:   338        SH:  0    Dex: 13    Spells: 21/32 levels left

rFire    + . .     SeeInvis +   r - staff of conjuration
rCold    + . .     Faith    .   e - +0 buckler
rNeg     . . .     Spirit   .   w - +2 robe {rC+ rF+}
rPois    .         Reflect  .   o - +0 helmet
rElec    .         Harm     .   (no cloak)
rCorr    .         Rampage  .   t - +0 pair of gloves
Will     +....                  (no boots)
Stlth    +.........             (no amulet)
HPRegen  0.17/turn              c - +4 ring of evasion
MPRegen  0.20/turn              p - ring of see invisible

@: confused
A: no striking features
a: Renounce Religion, Wall of Briars, Grow Ballistomycete, Overgrow, Grow Oklob


You were on level 9 of the Dungeon.
You worshipped Fedhas.
Fedhas was extremely pleased with you.
You visited 1 branch of the dungeon, and saw 9 of its levels.
You also visited: Ossuary.

You collected 338 gold pieces.

Inventory:

Hand Weapons
 D - a +0 short sword
 F - a +5 vampiric rapier
Missiles
 b - 235 stones
 h - 50 poisoned darts (quivered)
 C - 6 boomerangs of dispersal
Armour
 a - a +0 robe
 e - a +0 buckler (worn)
 o - a +0 helmet (worn)
 t - a +0 pair of gloves (worn)
 w - a +2 robe of resistance (worn)
Magical Staves
 r - a staff of conjuration (weapon)
 I - a staff of air
Jewellery
 c - a +4 ring of evasion (left hand)
 p - a ring of see invisible (right hand)
 E - an amulet of regeneration
 J - a ring of fire
Wands
 f - a wand of polymorph (11)
 q - a wand of mindburst (17)
Scrolls
 g - 3 scrolls of amnesia {unknown}
 j - a scroll of enchant armour {unknown}
 l - 4 scrolls of immolation {unknown}
 v - a scroll of fear {unknown}
 y - 5 scrolls of teleportation {unknown}
 B - 2 scrolls of summoning {unknown}
 G - 3 scrolls of magic mapping {unknown}
 H - a scroll of fog
Potions
 d - a potion of invisibility
 i - 8 potions of curing
 k - 2 potions of attraction
 m - 4 potions of flight
 n - a potion of brilliance {unknown}
 s - a potion of heal wounds {unknown}
 u - a potion of ambrosia {unknown}
 x - a potion of degeneration {unknown}
 z - 2 potions of haste
 A - a potion of might
 K - a potion of berserk rage {unknown}


   Skills:
 * Level 1.8 Fighting
 - Level 1.9 Throwing
 + Level 3.3 Dodging
 - Level 4.2 Stealth
 - Level 4.0 Shields
 * Level 11.7 Spellcasting
 * Level 10.4 Conjurations
 - Level 4.1 Hexes
 - Level 4.0 Translocations
 * Level 4.7 Invocations
 * Level 4.9 Evocations


You had 21 spell levels left.
You knew the following spells:

 Your Spells              Type           Power      Damage    Failure   Level
a - Magic Dart            Conj           100%       1d8       1%          1
b - Searing Ray           Conj           100%       3d7       1%          2
c - Iskenderun's Mystic   Conj/Tloc      70%        2d14      1%          4
d - Fulminant Prism       Conj/Hex       35%        3d18      1%          4

Your spell library contained the following spells:

 Spells                   Type           Power      Damage    Failure   Level
 Dazzling Flash           Conj/Hex       100%       N/A       1%          3


Dungeon Overview and Level Annotations

Branches:
Dungeon (9/15)             Temple (0/1) D:4         Ossuary (visited)
   Lair: D:8-11         Orc: D:9-12

Altars:
Fedhas
Hepliaklqana
Kikubaaqudgha
Makhleb
Qazlal
Sif Muna
Trog
Uskayaw
Vehumet

Shops:
D:2 (


Message History

There is a stone staircase leading up here.
A centaur zombie comes into view.
A vampire comes into view.
Found 22 gold pieces.
Casting: Iskenderun's Mystic Blast (dangerous; 1% risk of failure)
Confirm with . or Enter, or press ? or * to list all spells.
Aiming: Fulminant Prism (dangerous; 1% risk of failure)
Press: ? - help, Dir - move target You feel a surge of power!
You conjure a prism of explosive energy!
A fulminant prism comes into view.
A warg comes into view.
The vampire casts a spell at you.
You are confused.
Your fulminant prism crackles loudly.
The warg bites you!
Your fulminant prism explodes!
The blast of energy engulfs the vampire!!
The vampire is severely damaged.
The blast of energy engulfs the centaur zombie!!
The centaur zombie is severely damaged.
You're too confused to cast spells.
Unknown command.
You are too confused!
The centaur zombie completely misses you.
The centaur zombie kicks you but does no damage.
The vampire points at itself and mumbles some strange words.
The vampire flickers and vanishes for a moment.
The boulder beetle curls into a ball and begins rolling!
The centaur zombie closely misses you.
The centaur zombie completely misses you.
The vampire barely misses you. The vampire bites you.
The vampire draws strength from your injuries!
You're too confused to cast spells.
Unknown command.
The vampire draws life force from you.
The vampire is healed by the life force!
The boulder beetle hits you!!!
Ouch! That really hurt!
You die...
Fedhas appreciates your contribution to the ecosystem.

#.##)##.# #..#.#).#
.......
####.....###
#..##...##.##
#...#...#<..#####.#
#...##.##.........$
#...##....Z..######
#...#####.h.@#
#...# #..VB# ..
##...# #.○○.#...
#....# #°...'...
#....#####....#....
#.............#...#
#.............# ..#
#.............# ..#
####
#.............#
#...


You could see a boulder beetle (rolling), a vampire (invisible), a warg and a
centaur zombie.

Vanquished Creatures
  A two-headed ogre (D:9)
  An ice statue (D:7)
  A kobold demonologist (D:8)
  A troll (D:9)
  2 wyverns
  A vampire (D:9)
  Sigmund (D:3)
  Eustachio (D:4)
  A yak (D:9)
  A steam dragon (D:7)
  Menkaure (D:6)
  A water moccasin (D:6)
  2 sky beasts
  An orc warrior (D:8)
  A black bear (D:7)
  4 ogres
  A necrophage (D:5)
  A centaur (D:8)
  3 kobold brigands
  A phantom (D:5)
  Blork the orc (D:4)
  A gnoll sergeant (D:9)
  3 bullfrogs
  A wyvern zombie (D:7)
  16 scorpions
  2 water moccasin zombies (D:6)
  3 killer bees
  A wight (D:9)
  An electric eel (D:8)
  A lava snake (D:9)
  A bullfrog zombie (D:5)
  3 hounds
  A centaur zombie (Ossuary)
  A human zombie (Ossuary)
  A jelly (D:6)
  2 centaur skeletons
  A gnoll shaman (D:7)
  An orc priest (D:8)
  A bullfrog skeleton (D:7)
  3 iguanas
  Ijyb (D:4)
  4 orc wizards
  6 scorpion zombies (Ossuary)
  A hound skeleton (D:4)
  3 mummies (Ossuary)
  A howler monkey zombie (D:9)
  10 adders
  11 gnolls
  A shadow imp (D:6)
  2 ufetubi
  An adder zombie (D:5)
  An adder skeleton (D:4)
  2 worms
  2 dart slugs
  21 orcs
  7 endoplasms
  6 giant cockroaches
  8 goblins
  6 hobgoblins
  10 jackals
  3 quokkas
  5 ball pythons
  3 bats
  4 frilled lizards
  2 gnoll zombies (Ossuary)
  2 goblin zombies (Ossuary)
  4 hobgoblin zombies (Ossuary)
  13 kobolds
  4 kobold zombies (Ossuary)
  7 rats
223 creatures vanquished.

Vanquished Creatures (others)
  24 fulminant prisms
24 creatures vanquished.

Grand Total: 247 creatures vanquished

Notes
Turn   | Place    | Note
-------+----------+-------------------------------------------
     0 | D:1      | jestyr24 the Deep Elf Conjurer began the quest for the Orb.
     0 | D:1      | Reached XP level 1. HP: 10/10 MP: 6/6
   180 | D:1      | Reached XP level 2. HP: 15/15 MP: 6/8
   184 | D:1      | Learned a level 2 spell: Searing Ray
   304 | D:1      | Reached skill level 5 in Conjurations
   489 | D:1      | Found a faded altar of an unknown god.
   496 | D:1      | Became a worshipper of Fedhas Madash
   496 | D:1      | Reached * piety under Fedhas
   639 | D:1      | You fall into a shaft and drop 1 floor!
   646 | D:2      | Reached XP level 3. HP: 19/19 MP: 3/9
   823 | D:2      | Noticed an ogre
   830 | D:2      | Killed an ogre
   831 | D:2      | Reached skill level 4 in Spellcasting
   831 | D:2      | Reached XP level 4. HP: 24/24 MP: 1/12
  1059 | D:2      | Reached XP level 5. HP: 28/28 MP: 8/13
  1257 | D:2      | Reached ** piety under Fedhas
  1423 | D:2      | Found Qeipewk's Weapon Boutique.
  1505 | D:3      | Reached skill level 1 in Throwing
  1559 | D:3      | Noticed Sigmund
  1565 | D:3      | Killed Sigmund
  1566 | D:3      | Reached skill level 1 in Shields
  1566 | D:3      | Reached skill level 5 in Spellcasting
  1566 | D:3      | Reached XP level 6. HP: 32/32 MP: 7/15
  2557 | D:4      | Found a staircase to the Ecumenical Temple.
  2559 | D:4      | Noticed Ijyb
  2564 | D:4      | Killed Ijyb
  2565 | D:4      | Reached skill level 1 in Evocations
  2623 | D:4      | Reached XP level 7. HP: 36/36 MP: 4/17
  2636 | D:4      | Reached skill level 6 in Spellcasting
  2697 | D:4      | Reached *** piety under Fedhas
  2720 | D:4      | Reached skill level 1 in Invocations
  2732 | D:4      | Noticed Blork the orc
  2786 | D:4      | Killed Blork the orc
  2902 | D:4      | Found a sand-covered staircase.
  2907 | Ossuary  | Entered an ossuary
  2919 | Ossuary  | Learned a level 4 spell: Iskenderun's Mystic Blast
  2924 | Ossuary  | Learned a level 4 spell: Fulminant Prism
  3025 | Ossuary  | Reached skill level 7 in Spellcasting
  3163 | Ossuary  | Reached XP level 8. HP: 41/41 MP: 14/20
  3216 | Ossuary  | Reached skill level 1 in Hexes
  3449 | Ossuary  | Reached **** piety under Fedhas
  3450 | Ossuary  | Reached skill level 1 in Translocations
  3753 | D:4      | Noticed Eustachio
  3769 | D:4      | Killed Eustachio
  3778 | D:4      | Found a shimmering blue altar of Sif Muna.
  3786 | D:4      | Found an ancient bone altar of Kikubaaqudgha.
  4108 | D:4      | Found a stormy altar of Qazlal.
  4115 | D:4      | Found a bloodstained altar of Trog.
  4122 | D:4      | Found a hide-covered altar of Uskayaw.
  4246 | D:4      | Reached skill level 8 in Spellcasting
  4319 | D:5      | Entered Level 5 of the Dungeon
  4545 | D:5      | Reached XP level 9. HP: 45/45 MP: 12/23
  4999 | D:6      | Noticed Menkaure
  5004 | D:6      | Killed Menkaure
  5012 | D:6      | Reached skill level 9 in Spellcasting
  5202 | D:6      | Found a radiant altar of Vehumet.
  5715 | D:6      | Found a hazy altar of Hepliaklqana.
  6858 | D:7      | Reached ***** piety under Fedhas
  7043 | D:7      | Reached skill level 10 in Spellcasting
  7449 | D:7      | Noticed an ice statue
  7664 | D:7      | Killed an ice statue
  7665 | D:7      | Reached skill level 1 in Fighting
  7665 | D:7      | Reached XP level 10. HP: 52/52 MP: 8/26
  8193 | D:8      | Found a burning altar of Makhleb.
  9009 | D:9      | Reached skill level 10 in Conjurations
  9018 | D:9      | Noticed a two-headed ogre
  9022 | D:9      | Killed a two-headed ogre
  9023 | D:9      | Reached skill level 11 in Spellcasting
  9296 | D:9      | Upgraded the game from 0.27-a0-1051-g288ea87c7c to
                  | 0.27-a0-1060-gcb85b5eba1
  9478 | D:9      | Noticed a boulder beetle
  9620 | D:9      | Mangled by a boulder beetle

Illustrated notes

Levels and vault maps discovered:
D:1:      onia_arrival_handbag, layout_rooms, ebering_ecumenical_altar_petrified
D:2:      minmay_wonky_spiral, layout_rooms, serial_shops, shop
D:3:      layout_basic, kennysheep_generic_room_3, uniq_sigmund
D:4:      layout_loops_ring, grunt_temple_overflow_diamond, minitemple,
          minmay_temple_entry_glass, enter_ossuary_5, uniq_ijyb,
          uniq_blork_the_orc, uniq_eustachio
D:5:      layout_basic
D:6:      layout_basic, nicolae_hepliaklqana_hippocampus, kennysheep_little_box,
          uniq_menkaure
D:7:      lemuel_ice_statue, layout_basic, kennysheep_generic_room_14
D:8:      layout_layer_cave, lemuel_doored_altar, fountainhead
D:9:      nzn_winding_woodlands_three_and_one
          [nzn_winding_woodlands_5x15_jagged,
          nzn_winding_woodlands_5x15_river_crossing,
          nzn_winding_woodlands_5x15_pool, nzn_winding_woodlands_center_lodge],
          layout_irregular_city, grunt_temple_overflow_opulence,
          david_orc_1_choice, roderic_batcave, amcnicky_mini_pool_medium

Skill      XL: |  1  2  3  4  5  6  7  8  9 10 |
---------------+-------------------------------+-----
Conjurations   | 5 6 7 8 9 10 | 10.4
Stealth        | 3 4 |  4.2
Spellcasting   | 4 5 7 8 10 11 | 11.7
Throwing       | 1 |  1.9
Shields        | 1 2 3 4 |  4.0
Evocations     | 1 2 3 4 |  4.9
Invocations    | 2 3 4 |  4.7
Hexes          | 3 4 |  4.1
Translocations | 1 3 4 |  4.0
Dodging        | 3 |  3.3
Fighting       | 1 |  1.8

Action                   |  1- 3 |  4- 6 |  7- 9 | 10-12 || total
-------------------------+-------+-------+-------+-------++-------
Melee: Unarmed           |     1 |       |       |       ||     1
       Dagger            |       |     5 |       |       ||     5
       Staff             |       |       |     1 |       ||     1
Throw: Dart              |     6 |    10 |       |       ||    16
 Cast: Magic Dart        |    49 |    43 |    77 |    30 ||   199
       Searing Ray       |     2 |    23 |    81 |    14 ||   120
       Fulminant Prism   |       |       |     9 |    15 ||    24
       Iskenderun's Myst |       |       |     3 |     8 ||    11
Invok: Wall of Briars    |       |       |       |     2 ||     2
  Use: Scroll            |       |       |    11 |       ||    11
 Stab: Sleeping          |       |       |     1 |       ||     1
Armor: Robe              |     1 |     2 |     3 |     2 ||     8
Dodge: Dodged            |     6 |    12 |    31 |    23 ||    72
Block: Buckler           |     2 |     1 |    14 |       ||    17

Table legend: (Time is in decaauts)
 A = Elapsed time spent in this place.
 B = Non-inter-level travel time spent in this place.
 C = Inter-level travel time spent in this place.
 D = Time resting spent in this place.
 E = Time spent auto-exploring this place.
 F = Levels seen in this place.
 G = Mean time per level.
                   A        B        C        D        E       F      G
               +--------+--------+--------+--------+--------+-----+--------+
         Total |   9633 |   9524 |    109 |   2421 |   4694 |  10 |  963.3 |
       Dungeon |   8985 |   8876 |    109 |   2090 |   4671 |   9 |  998.3 |
       Ossuary |    647 |    647 |      0 |    331 |     23 |   1 |  647.0 |
               +--------+--------+--------+--------+--------+-----+--------+

Top non-repeatable levels by time:
     D:6: 1730 daAuts
     D:7: 1294 daAuts
     D:8: 1229 daAuts
     D:4: 1185 daAuts
     D:3: 947 daAuts
     D:2: 899 daAuts
     D:5: 649 daAuts
 Ossuary: 647 daAuts
     D:1: 643 daAuts
     D:9: 406 daAuts
